Workbook
Name ____EST1: #REF!
Name ____EST1: #REF!
Name ____EST1: #REF!
Name ____EST10: #REF!
Name ____EST10: #REF!
Name ____EST10: #REF!
Name ____EST11: #REF!
Name ____EST11: #REF!
Name ____EST11: #REF!
Name ____EST12: #REF!
Name ____EST12: #REF!
Name ____EST12: #REF!
Name ____EST13: #REF!
Name ____EST13: #REF!
Name ____EST13: #REF!
Name ____EST14: #REF!
Name ____EST14: #REF!
Name ____EST14: #REF!
Name ____EST15: #REF!
Name ____EST15: #REF!
Name ____EST15: #REF!
Name ____EST16: #REF!
Name ____EST16: #REF!
Name ____EST16: #REF!
Name ____EST17: #REF!
Name ____EST17: #REF!
Name ____EST17: #REF!
Name ____EST18: #REF!
Name ____EST18: #REF!
Name ____EST18: #REF!
Name ____EST19: #REF!
Name ____EST19: #REF!
Name ____EST19: #REF!
Name ____EST2: #REF!
Name ____EST2: #REF!
Name ____EST2: #REF!
Name ____EST20: #REF!
Name ____EST20: #REF!
Name ____EST20: #REF!
Name ____EST21: #REF!
Name ____EST21: #REF!
Name ____EST21: #REF!
Name ____EST3: #REF!
Name ____EST3: #REF!
Name ____EST3: #REF!
Name ____EST4: #REF!
Name ____EST4: #REF!
Name ____EST4: #REF!
Name ____EST5: #REF!
Name ____EST5: #REF!
Name ____EST5: #REF!
Name ____EST6: #REF!
Name ____EST6: #REF!
Name ____EST6: #REF!
Name ____EST7: #REF!
Name ____EST7: #REF!
Name ____EST7: #REF!
Name ____EST8: #REF!
Name ____EST8: #REF!
Name ____EST8: #REF!

Sheet PRESUPUESTO OFICIAL(Entidad)
B3: FONDO DE DESARROLLO LOCAL DE TEUSAQUILLO
E4: A.U.I CALCULADO FDL
B5: CÓDIGO IDU | C5: ÍTEM No. | D5: PRESUPUESTO OFICIAL FDLT-SAMC- 2023
D7: DESCRIPCIÓN | E7: UND. | F7: PRECIO UNITARIO (Visor IDU) | G7: AUI | H7: PRECIO UNITARIO (INC. AUI) | I7: CANTIDAD | J7: VR. TOTAL
B8: 1 | D8: ESPACIO PUBLICO | G8: 0.332
B9: 3007 | C9: 1.1 | D9: REPLANTEO GENERAL | E9: M2 | F9: 820 | G9: =F9*$G$8 -> 272.24 | H9: 1092 | I9: 1 | J9: =I9*H9 -> 1092
B10: 3012 | C10: 1.2 | D10: DEMOLICION PISOS DE CONCRETO (Espesor variable. Incluye Cargue). No incluye transporte y disposición final de sobrantes. Rendimiento estimado para un espesor de 0.10m | E10: M2 | F10: 7225 | G10: =F10*$G$8 -> 2398.7 | H10: 9624 | I10: 1 | J10: =I10*H10 -> 9624
B11: 3464 | C11: 1.3 | D11: EXCAVACION MANUAL EN MATERIAL COMUN. Incluye cargue. | E11: M3 | F11: 37512 | G11: =F11*$G$8 -> 12453.984 | H11: 49966 | I11: 1 | J11: =I11*H11 -> 49966
B12: 6474 | C12: 1.5 | D12: SUBBASE GRANULAR CLASE C (SBG_C) (Suministro, Extendido Manual, Humedecimiento y Compactación) | E12: M3 | F12: 156374 | G12: =F12*$G$8 -> 51916.168 | H12: 208290 | I12: 1 | J12: =I12*H12 -> 208290
B13: 3425 | C13: 1.6 | D13: ANDEN CONCRETO 3000 PSI (210 Kg/cm2) PREMEZCLADO e=0.10m (Incluye Suministro, Formaleteo, Fundida y Curado) | E13: M2 | F13: 70602 | G13: =F13*$G$8 -> 23439.864 | H13: 94042 | I13: 1 | J13: =I13*H13 -> 94042
B14: 3011 | C14: 1.8 | D14: DEMOLICION MANUAL SARDINEL EXISTENTE (Incluye Cargue). No incluye transporte y disposición final de sobrantes. | E14: ML | F14: 5257 | G14: =F14*$G$8 -> 1745.324 | H14: 7002 | I14: 1 | J14: =I14*H14 -> 7002
B15: 4054 | C15: 1.9 | D15: SARDINEL TIPO A10 (Suministro e Instalación. Incluye 3cm Mortero 1:5) | E15: ML | F15: 77558 | G15: =F15*$G$8 -> 25749.256 | H15: 103307 | I15: 1 | J15: =I15*H15 -> 103307
B16: 3024 | C16: 1.1 | D16: RELLENO PARA REDES EN ARENA DE PEÑA (Suministro, Extendido, Humedecimiento y Compactación) | E16: M3 | F16: 121032 | G16: =F16*$G$8 -> 40182.624 | H16: 161215 | I16: 1 | J16: =I16*H16 -> 161215
B17: 8465 | C17: 1.11 | D17: PLACA DE CONCRETO LAVADO FUNDIDA EN SITIO DE 3000 PSI(21 MPA), ESPESOR DE PLACA 10 CM CON MALLA ELECTROSOLDADA DE MM CON DILATACIONES REMOVIBLES EN MADERA DE 15 X 15 MM | E17: M2 | F17: 136311 | G17: =F17*$G$8 -> 45255.252 | H17: 181566 | I17: 1 | J17: =I17*H17 -> 181566
B18: 6137 | C18: 1.13 | D18: PISO EN CONCRETO COLOR GRIS MR41 (280 Kg/Cm2) GRAVA 1" 28 DIAS ESTAMPADO e=0.10m (INCLUYE SUMINISTRO Y COLOCACIÓN DE CONCRETO, JUEGO DE MOLDES, DESMOLDANTE EN POLVO, CURADOR PARA CONCRETO, INCLUYE CORTE Y SELLADO DE JUNTAS. | E18: M2 | F18: 265386 | G18: =F18*$G$8 -> 88108.152 | H18: 353494 | I18: 1 | J18: =I18*H18 -> 353494
B19: 8466 | C19: 1.14 | D19: REMATE RAMPA CONCRETO 3000 PSI (21 MPA) GRAVA COMÚN FUNDIDO EN SITIO. PREMEZCLADO. INCLUYE SUMINISTRO, FORMALETEO, COLOCACION Y CURADO. NO INCLUYE REFUERZO | E19: ML | F19: 87485 | G19: =F19*$G$8 -> 29045.02 | H19: 116530 | I19: 1 | J19: =I19*H19 -> 116530
B20: 4088 | C20: 1.15 | D20: SARDINEL BAJO A85 PARA RAMPAS (SUMINISTRO E INSTALACIÓN. INCLUYE 3CM MORTERO 2000 PSI) | E20: ML | F20: 68813 | G20: =F20*$G$8 -> 22845.916 | H20: 91659 | I20: 1 | J20: =I20*H20 -> 91659
... B24: 3017 | C24: 1.4 | D24: TRANSPORTE Y DISPOSICION FINAL DE ESCOMBROS EN SITIO AUTORIZADO (distancia de transporte 21 Km). A distancia mayor del acarreo libre (90 m) en sitio autorizado por la entidad Ambiental competente. | E24: M3 | F24: 37721 | G24: =F24*$G$8 -> 12523.372 | H24: 50244 | I24: 1 | J24: =I24*H24 -> 50244
B26: SUMATORIA COSTOS UNITARIOS (A) | J26: =SUM(J9:J25) -> 1714767
B28: VALOR DISPONIBLE PARA EL MONTO AGOTABLE DE COSTOS UNITARIOS | J28: 324799917
D31: DIAGNÓSTICOS (INC. IVA) | H31: 4141200 | I31: Valores No Modificables
D32: COMPONENTE SOCIAL Y SST | H32: 3480000 | I32: Valores No Modificables
D33: COMPONENTE AMBIENTAL | H33: 3480000 | I33: Valores No Modificables
D34: COMPONENTE PLAN MANEJO DE TRÁNSITO | H34: 4640000 | I34: Valores No Modificables
B36: SUMATORIA COSTOS NO MODIFICABLES (B) | H36: =H34+H33+H32+H31 -> 15741200
K37: =J26+H36 -> 17455967
B38: PRESUPUESTO MONTO AGOTABLE DEL PROCESO | H38: 324799917 | I38: =H38*10% -> 32479992
B40: VALOR TOTAL EN LETRAS:
B41: NOTA 1: Se debe tener en cuenta que el PRECIO UNITARIO incluye el valor de A.I.U. | E41: DESCRIPCION | I41: PORCENTAJE
B42: NOTA 2: En este formulario no se aproximan al peso cada uno de los precios unitarios más AIU teniendo en cuenta que son precios de referencia IDU más AIU, y al proximarlo al peso se podría sobrepasar el valor unitario de referencia. Sin embargo, para la oferta del proponente cada unitario adicionado el AIU que se presente en la oferta se debe aproximar al peso así: cuando la fracción decimal del peso sea igual o superior a 5 se aproximará por exceso al número entero siguiente del peso y cuando la fracción decimal del peso sea inferior a 5 se aproximará por defecto al número entero del peso. | E42: ADMINISTRACION= | I42: 0.282
B43: NOTA 3: El A.I.U y su discriminación deben estar en porcentaje (%). | E43: IMPREVISTO= | I43: 0.01
B44: NOTA 4:El reconocimiento económico del plan de Gestión Ambiental, Social y Manejo de tráfico, será reconocido por el valor global propuesto que no podrá superar el oficial. Se pagará proporcionalmente al avance financiero del contrato. | E44: UTILIDAD= | I44: 0.04
E45: TOTAL A.I.U= | I45: =I44+I43+I42 -> 0.332

Sheet OFERTA ECONÓMICA
B3: FONDO DE DESARROLLO LOCAL DE TEUSAQUILLO
E4: A.U.I CALCULADO FDL
B5: CÓDIGO IDU | C5: ÍTEM No. | D5: PRESUPUESTO OFICIAL FDLT-SAMC- 2023 | F5: GRUPO INARCO SAS | I5: GLORIA E. CEDIEL E. | L5: Estruvias SAS Estructuras y Vias | O5: MONICA LOPEZ
D7: DESCRIPCIÓN | E7: UND. | F7: PRECIO UNITARIO (INC. AUI) | G7: CANTIDAD | H7: VR. TOTAL | I7: PRECIO UNITARIO (INC. AUI) | J7: CANTIDAD | K7: VR. TOTAL | L7: PRECIO UNITARIO (INC. AUI) | M7: CANTIDAD | N7: VR. TOTAL | O7: PRECIO UNITARIO (INC. AUI) | P7: CANTIDAD | Q7: VR. TOTAL
B8: 1 | D8: ESPACIO PUBLICO
B9: 3007 | C9: 1.1 | D9: REPLANTEO GENERAL | E9: M2 | F9: 1048 | G9: 1 | H9: =G9*F9 -> 1048 | I9: 1040 | J9: 1 | K9: =J9*I9 -> 1040 | L9: 1057 | M9: 1 | N9: =M9*L9 -> 1057 | O9: 1033 | P9: 1 | Q9: =P9*O9 -> 1033
B10: 3012 | C10: 1.2 | D10: DEMOLICION PISOS DE CONCRETO (Espesor variable. Incluye Cargue). No incluye transporte y disposición final de sobrantes. Rendimiento estimado para un espesor de 0.10m | E10: M2 | F10: 9237 | G10: 1 | H10: =G10*F10 -> 9237 | I10: 9164 | J10: 1 | K10: =J10*I10 -> 9164 | L10: 9312 | M10: 1 | N10: =M10*L10 -> 9312 | O10: 9101 | P10: 1 | Q10: =P10*O10 -> 9101
B11: 3464 | C11: 1.3 | D11: EXCAVACION MANUAL EN MATERIAL COMUN. Incluye cargue. | E11: M3 | F11: 47957 | G11: 1 | H11: =G11*F11 -> 47957 | I11: 47577 | J11: 1 | K11: =J11*I11 -> 47577 | L11: 48347 | M11: 1 | N11: =M11*L11 -> 48347 | O11: 47253 | P11: 1 | Q11: =P11*O11 -> 47253
B12: 6474 | C12: 1.5 | D12: SUBBASE GRANULAR CLASE C (SBG_C) (Suministro, Extendido Manual, Humedecimiento y Compactación) | E12: M3 | F12: 199917 | G12: 1 | H12: =G12*F12 -> 199917 | I12: 198332 | J12: 1 | K12: =J12*I12 -> 198332 | L12: 201541 | M12: 1 | N12: =M12*L12 -> 201541 | O12: 196980 | P12: 1 | Q12: =P12*O12 -> 196980
B13: 3425 | C13: 1.6 | D13: ANDEN CONCRETO 3000 PSI (210 Kg/cm2) PREMEZCLADO e=0.10m (Incluye Suministro, Formaleteo, Fundida y Curado) | E13: M2 | F13: 90262 | G13: 1 | H13: =G13*F13 -> 90262 | I13: 89546 | J13: 1 | K13: =J13*I13 -> 89546 | L13: 90995 | M13: 1 | N13: =M13*L13 -> 90995 | O13: 88936 | P13: 1 | Q13: =P13*O13 -> 88936
B14: 3011 | C14: 1.8 | D14: DEMOLICION MANUAL SARDINEL EXISTENTE (Incluye Cargue). No incluye transporte y disposición final de sobrantes. | E14: ML | F14: 6721 | G14: 1 | H14: =G14*F14 -> 6721 | I14: 6667 | J14: 1 | K14: =J14*I14 -> 6667 | L14: 6775 | M14: 1 | N14: =M14*L14 -> 6775 | O14: 6622 | P14: 1 | Q14: =P14*O14 -> 6622
B15: 4054 | C15: 1.9 | D15: SARDINEL TIPO A10 (Suministro e Instalación. Incluye 3cm Mortero 1:5) | E15: ML | F15: 99154 | G15: 1 | H15: =G15*F15 -> 99154 | I15: 98368 | J15: 1 | K15: =J15*I15 -> 98368 | L15: 99960 | M15: 1 | N15: =M15*L15 -> 99960 | O15: 97697 | P15: 1 | Q15: =P15*O15 -> 97697
B16: 3024 | C16: 1.1 | D16: RELLENO PARA REDES EN ARENA DE PEÑA (Suministro, Extendido, Humedecimiento y Compactación) | E16: M3 | F16: 154734 | G16: 1 | H16: =G16*F16 -> 154734 | I16: 153508 | J16: 1 | K16: =J16*I16 -> 153508 | L16: 155992 | M16: 1 | N16: =M16*L16 -> 155992 | O16: 152461 | P16: 1 | Q16: =P16*O16 -> 152461
B17: 8465 | C17: 1.11 | D17: PLACA DE CONCRETO LAVADO FUNDIDA EN SITIO DE 3000 PSI(21 MPA), ESPESOR DE PLACA 10 CM CON MALLA ELECTROSOLDADA DE MM CON DILATACIONES REMOVIBLES EN MADERA DE 15 X 15 MM | E17: M2 | F17: 174267 | G17: 1 | H17: =G17*F17 -> 174267 | I17: 172886 | J17: 1 | K17: =J17*I17 -> 172886 | L17: 175683 | M17: 1 | N17: =M17*L17 -> 175683 | O17: 171707 | P17: 1 | Q17: =P17*O17 -> 171707
B18: 6137 | C18: 1.13 | D18: PISO EN CONCRETO COLOR GRIS MR41 (280 Kg/Cm2) GRAVA 1" 28 DIAS ESTAMPADO e=0.10m (INCLUYE SUMINISTRO Y COLOCACIÓN DE CONCRETO, JUEGO DE MOLDES, DESMOLDANTE EN POLVO, CURADOR PARA CONCRETO, INCLUYE CORTE Y SELLADO DE JUNTAS. | E18: M2 | F18: 339284 | G18: 1 | H18: =G18*F18 -> 339284 | I18: 336594 | J18: 1 | K18: =J18*I18 -> 336594 | L18: 342041 | M18: 1 | N18: =M18*L18 -> 342041 | O18: 334299 | P18: 1 | Q18: =P18*O18 -> 334299
B19: 8466 | C19: 1.14 | D19: REMATE RAMPA CONCRETO 3000 PSI (21 MPA) GRAVA COMÚN FUNDIDO EN SITIO. PREMEZCLADO. INCLUYE SUMINISTRO, FORMALETEO, COLOCACION Y CURADO. NO INCLUYE REFUERZO | E19: ML | F19: 111845 | G19: 1 | H19: =G19*F19 -> 111845 | I19: 110959 | J19: 1 | K19: =J19*I19 -> 110959 | L19: 112754 | M19: 1 | N19: =M19*L19 -> 112754 | O19: 110202 | P19: 1 | Q19: =P19*O19 -> 110202
B20: 4088 | C20: 1.15 | D20: SARDINEL BAJO A85 PARA RAMPAS (SUMINISTRO E INSTALACIÓN. INCLUYE 3CM MORTERO 2000 PSI) | E20: ML | F20: 87974 | G20: 1 | H20: =G20*F20 -> 87974 | I20: 87277 | J20: 1 | K20: =J20*I20 -> 87277 | L20: 88689 | M20: 1 | N20: =M20*L20 -> 88689 | O20: 86682 | P20: 1 | Q20: =P20*O20 -> 86682
... B24: 3017 | C24: 1.4 | D24: TRANSPORTE Y DISPOSICION FINAL DE ESCOMBROS EN SITIO AUTORIZADO (distancia de transporte 21 Km). A distancia mayor del acarreo libre (90 m) en sitio autorizado por la entidad Ambiental competente. | E24: M3 | F24: 48224 | G24: 1 | H24: =G24*F24 -> 48224 | I24: 47842 | J24: 1 | K24: =J24*I24 -> 47842 | L24: 48616 | M24: 1 | N24: =M24*L24 -> 48616 | O24: 47516 | P24: 1 | Q24: =P24*O24 -> 47516
B27: SUMATORIA COSTOS UNITARIOS (A) | H27: =SUM(H9:H24) -> 1645833 | K27: =SUM(K9:K24) -> 1632788 | N27: =SUM(N9:N24) -> 1659207 | Q27: =SUM(Q9:Q24) -> 1621655
D30: DIAGNÓSTICOS (INC. IVA) | F30: 4141200 | G30: Valores No Modificables | K30: 4141200 | N30: 4141200 | Q30: 4141200
D31: COMPONENTE SOCIAL Y SST | F31: 3480000 | G31: Valores No Modificables | K31: 3480000 | N31: 3480000 | Q31: 3480000
D32: COMPONENTE AMBIENTAL | F32: 3480000 | G32: Valores No Modificables | K32: 3480000 | N32: 3480000 | Q32: 3480000
D33: COMPONENTE PLAN MANEJO DE TRÁNSITO | F33: 4640000 | G33: Valores No Modificables | K33: 4640000 | N33: 4640000 | Q33: 4640000
B35: SUMATORIA COSTOS NO MODIFICABLES (B) | F35: =F33+F32+F31+F30 -> 15741200 | K35: =K33+K32+K31+K30 -> 15741200 | N35: =N33+N32+N31+N30 -> 15741200 | Q35: =Q33+Q32+Q31+Q30 -> 15741200
B37: TOTAL OFERTA ECONÓMICA (A) + (B) | F37: =F35+H27 -> 17387033 | K37: =K35+K27 -> 17373988 | N37: =N35+N27 -> 17400407 | Q37: =Q35+Q27 -> 17362855
B39: VALOR TOTAL EN LETRAS:
B40: NOTA 1: Se debe tener en cuenta que el PRECIO UNITARIO incluye el valor de A.I.U. | E40: DESCRIPCION | G40: PORCENTAJE
B41: NOTA 2: En este formulario no se aproximan al peso cada uno de los precios unitarios más AIU teniendo en cuenta que son precios de referencia IDU más AIU, y al proximarlo al peso se podría sobrepasar el valor unitario de referencia. Sin embargo, para la oferta del proponente cada unitario adicionado el AIU que se presente en la oferta se debe aproximar al peso así: cuando la fracción decimal del peso sea igual o superior a 5 se aproximará por exceso al número entero siguiente del peso y cuando la fracción decimal del peso sea inferior a 5 se aproximará por defecto al número entero del peso. | E41: ADMINISTRACION=
B42: NOTA 3: El A.I.U y su discriminación deben estar en porcentaje (%). | E42: IMPREVISTO=
B43: NOTA 4:El reconocimiento económico del plan de Gestión Ambiental, Social y Manejo de tráfico, será reconocido por el valor global propuesto que no podrá superar el oficial. Se pagará proporcionalmente al avance financiero del contrato. | E43: UTILIDAD=
E44: TOTAL A.I.U= | G44: =G43+G42+G41 -> 0

Sheet Evaluación
B2: PROCESO SELECCIÓN ABREVIADA DE MENOR CUANTÍA DE INFRAESTRUCTURA DE TRANSPORTE FDLT-SAMC-040-2023
B3: OBJETO: EJECUTAR A PRECIOS UNITARIOS Y A MONTO AGOTABLE, LAS OBRAS Y ACTIVIDADES NECESARIAS PARA LA CONSERVACIÓN DEL LOS ANDENES DEMAS ÁREAS DE ESPACIO PUBLICO QUE SE REQUIERAN EN LA LOCALIDAD DE TEUSAQUILLO Y, EN LA CIUDAD DE BOGOTÁ D.C. DE CONFORMIDAD CON LOS ESTUDIOS PREVIOS, ANEXO TÉCNICO Y APÉNDICES
B4: No. | C4: PROPONENTE | D4: VALOR OFERTA ECONOMICA | E4: PUNTAJE | F4: DIFERENCIA VALOR MINIMO ACEPTADO | G4: ANÁLISIS | H4: CUMPLE / NO CUMPLE
B5: 1 | C5: GRUPO INARCO SAS | D5: ='OFERTA ECONÓMICA'!F37 -> 17387033 | E5: =59.5*(1-(ABS($D$6-D5)/$D$6)) -> 59.455325 | F5: =D5-$D$13 -> 17387033 | G5: El proponente presenta el Formato propuesta económica dispuesto para el proceso. No realiza modificación de los ítems requeridos. Entregó totalizada la oferta económica por los valores unitarios ofertados y la sumatoria el proceso aritmetico es congruenté. | H5: CUMPLE
B6: 2 | C6: GLORIA E. CEDIEL E. | D6: ='OFERTA ECONÓMICA'!K37 -> 17373988 | E6: 59.5 | F6: =D6-$D$13 -> 17373988 | G6: El proponente presenta el Formato propuesta económica dispuesto para el proceso. No realiza modificación de los ítems requeridos. Entregó totalizada la oferta económica por los valores unitarios ofertados y la sumatoria el proceso aritmetico es congruenté. | H6: CUMPLE
B7: 3 | C7: Estruvias SAS Estructuras y Vias | D7: ='OFERTA ECONÓMICA'!N37 -> 17400407 | E7: =59.5*(1-(ABS($D$6-D7)/$D$6)) -> 59.409524 | F7: =D7-$D$13 -> 17400407 | G7: El proponente presenta el Formato propuesta económica dispuesto para el proceso. No realiza modificación de los ítems requeridos. Entregó totalizada la oferta económica por los valores unitarios ofertados y la sumatoria el proceso aritmetico es congruenté. | H7: CUMPLE
B8: 4 | C8: MONICA LOPEZ | D8: ='OFERTA ECONÓMICA'!Q37 -> 17362855 | E8: =59.5*(1-(ABS($D$6-D8)/$D$6)) -> 59.461873 | F8: =D8-$D$13 -> 17362855 | G8: El proponente presenta el Formato propuesta económica dispuesto para el proceso. No realiza modificación de los ítems requeridos. Entregó totalizada la oferta económica por los valores unitarios ofertados y la sumatoria el proceso aritmetico es congruenté. | H8: CUMPLE
C10: MEDIANA | D10: =MEDIAN(D5:D8) -> 17380510
C12: Valor Aceptado
C13: valor minimo aceptado
B15: Nota: | C15: 4.1 OFERTA ECONÓMICA en su numerral 4.1.1 DETERMINACIÓN DEL MÉTODO PARA LA PONDERACIÓN DE LA PROPUESTA ECONÓMICA, teniendo en cuenta el metodo de ponderación para el segundo habíl despues del cierre la TRM que rige para el día 6 de diciembre del presente año fue por valor de $4.023,21 Se toma los decimales 21 para establecer el método de ponderación, el cual es: Mediana con valor absoluto.
C20: Evaluador: Esteban Sarasty Huertas
C21: Contratista Profesional de apoyo en Planeación y Presupuesto
C22: Fecha: 14 de diciembre de 2023

Sheet PX art bajo
B2: PROCESO SELECCIÓN ABREVIADA DE MENOR CUANTÍA DE INFRAESTRUCTURA DE TRANSPORTE FDLT-SAMC-040-2023
B3: OBJETO: EJECUTAR A PRECIOS UNITARIOS Y A MONTO AGOTABLE, LAS OBRAS Y ACTIVIDADES NECESARIAS PARA LA CONSERVACIÓN DEL LOS ANDENES DEMAS ÁREAS DE ESPACIO PUBLICO QUE SE REQUIERAN EN LA LOCALIDAD DE TEUSAQUILLO Y, EN LA CIUDAD DE BOGOTÁ D.C. DE CONFORMIDAD CON LOS ESTUDIOS PREVIOS, ANEXO TÉCNICO Y APÉNDICES
B4: No. | C4: PROPONENTE | D4: VALOR OFERTA ECONOMICA | E4: DIFERENCIA VALOR MINIMO ACEPTADO | F4: CUMPLE / NO CUMPLE
B5: 1 | C5: GRUPO INARCO SAS | D5: ='OFERTA ECONÓMICA'!F37 -> 17387033 | E5: =D5-D13 -> 2840393.8 | F5: CUMPLE
B6: 2 | C6: GLORIA E. CEDIEL E. | D6: ='OFERTA ECONÓMICA'!K37 -> 17373988 | E6: =D6-D14 -> 17373988 | F6: CUMPLE
B7: 3 | C7: Estruvias SAS Estructuras y Vias | D7: ='OFERTA ECONÓMICA'!N37 -> 17400407 | E7: =D7-D15 -> 17400407 | F7: CUMPLE
B8: 4 | C8: MONICA LOPEZ | D8: ='OFERTA ECONÓMICA'!Q37 -> 17362855 | E8: =D8-D16 -> 17362855 | F8: CUMPLE
C10: MEDIANA | D10: =MEDIAN(D5:D8) -> 17380510
C12: Valor Aceptado | D12: ='[12]PRESUPUESTO OFICIAL(Entidad)'!J26 -> 1714767 | E12: 17455967
C13: valor minimo aceptado | D13: =E12/1.2 -> 14546639
B15: Nota: | C15: 4.1 OFERTA ECONÓMICA en su numerral 4.1.1 DETERMINACIÓN DEL MÉTODO PARA LA PONDERACIÓN DE LA PROPUESTA ECONÓMICA, teniendo en cuenta el metodo de ponderación para el segundo habíl despues del cierre la TRM que rige para el día 6 de diciembre del presente año fue por valor de $4.023,21 Se toma los decimales 21 para establecer el método de ponderación, el cual es: Mediana con valor absoluto.
C20: Evaluador: Esteban Sarasty Huertas
C21: Contratista Profesional de apoyo en Planeación y Presupuesto
C22: Fecha: 14 de diciembre de 2023
